Map: [ESL] Inside and Out

Players

Future

  • Race: Terran Terran
  • Spawn Location: 7:00

Lambo - Winner!

  • Race: Zerg Zerg
  • Spawn Location: 1:00

Event: DreamHack SC2 Masters 2022 Atlanta (Offline)

VOD

Have the link to the VOD?

Description

Time

  • Played on: Nov. 18, 2022, 7:09 p.m.
  • Length: 23:59

All games in this series

Show
View Real Time Build Order
Export as new Build Order

Future Terran 

Build Orders: Liberator Opening 

Get SALT Encoding   

  12  0:00  SCV  
  13  0:12  SCV  
  14  0:17  Supply Depot  
  14  0:24  SCV  
  15  0:39  SCV  
  15  0:40  Barracks  
  16  0:44  Refinery  
  16  0:51  SCV  
  17  1:03  SCV  
  18  1:15  SCV  
  19  1:27  Orbital Command  
  20  1:36  Command Center  
  20  1:38  Marine  
  20  1:51  Factory  
  20  1:53  SCV  
  21  2:03  Supply Depot  
  21  2:05  SCV  
  22  2:08  Barracks Reactor  
  22  2:18  SCV  
  23  2:23  Refinery  
  23  2:30  SCV  
  26  2:40  Starport  
  26  2:42  SCV  
  27  2:47  Orbital Command  
  25  2:52  Hellion x2  
  25  2:54  SCV  
  25  2:56  Reaper  
  31  3:07  SCV  
  32  3:13  Hellion  
  32  3:14  Hellion  
  32  3:15  SCV  
  32  3:19  SCV  
  38  3:23  Supply Depot  
  38  3:26  Liberator  
  41  3:27  SCV  
  41  3:31  SCV  
  43  3:35  Hellion  
  43  3:39  Supply Depot  
  43  3:40  SCV  
  46  3:45  SCV, Hellion  
  49  3:53  SCV  
  50  3:57  SCV  
  50  3:59  Hellion  
  50  4:00  Supply Depot  
  53  4:07  Hellion  
  55  4:10  SCV  
  55  4:16  Liberator  
  56  4:17  SCV  
  56  4:22  SCV  
  56  4:23  Barracks Tech Lab  
  58  4:29  Command Center, SCV  
  59  4:34  SCV  
  59  4:37  Barracks  
  60  4:38  Barracks  
  60  4:39  Factory Reactor  
  60  4:41  SCV  
  60  4:42  Marine  
  60  4:45  Stimpack  
  62  4:46  SCV  
  62  4:52  Supply Depot  
  63  4:53  SCV  
  63  4:59  SCV  
  65  5:00  Starport Tech Lab  
  65  5:05  Engineering Bay, Refinery, SCV  
  66  5:11  SCV  
  66  5:13  Marine  
  68  5:17  Supply Depot  
  68  5:18  SCV  
  66  5:23  SCV  
  66  5:27  Starport Reactor, Marine x2  
  67  5:29  Barracks  
  67  5:30  Barracks  
  67  5:31  Marine  
  67  5:32  SCV  
  67  5:34  Terran Infantry Weapons Level 1  
  67  5:35  SCV, Marine x2  
  71  5:36  Refinery  
  71  5:40  Orbital Command  
  70  5:44  SCV  
  70  5:46  Siege Tank  
  70  5:47  SCV  
  75  5:50  Marine  
  75  5:56  SCV  
  77  5:57  Marine  
  77  5:59  SCV, Marine  
  77  6:00  Marine x2  
  79  6:08  SCV, Marine  
  79  6:10  Orbital Command  
  81  6:11  SCV  
  81  6:13  Medivac  
  81  6:14  Medivac  
  81  6:17  Marine  
  81  6:18  Siege Tank, Marine  
  91  6:20  Barracks Reactor, SCV  
  91  6:23  SCV  
  91  6:24  Barracks Reactor  
  91  6:25  Combat Shield  
  93  6:30  Supply Depot  
  94  6:32  SCV, Marine  
  94  6:33  Bunker, Marine  
  94  6:35  SCV  
  94  6:37  Marine x2  
  94  6:39  SCV  
  100  6:42  Supply Depot  
  100  6:44  Supply Depot, SCV  
  101  6:51  Marine  
  101  6:52  SCV, Medivac, Siege Tank  
  108  6:54  SCV  
  108  6:56  Supply Depot  
  108  6:58  Supply Depot  
  109  7:03  SCV, Marine x3  
  109  7:04  Marine x2  
  109  7:05  Marine x2  
  109  7:08  Medivac, Marine  
  118  7:09  Marine  
  120  7:16  Barracks  
  120  7:18  Barracks  
  120  7:21  Barracks, Marine x3  
  120  7:22  Marine x2  
  125  7:24  Siege Tank  
  125  7:29  Marine x2  
  130  7:40  Marine x7  
  128  7:46  Marine x2  
  128  7:51  Terran Infantry Armor Level 1  
  130  7:56  Siege Tank  
  130  7:58  Marine x7  
  132  8:04  Marine x2  
  137  8:09  Medivac x2  
  131  8:16  Marine x7  
  138  8:22  Marine x2  
  138  8:26  Marine x3  
  141  8:40  Supply Depot, Marine x6  
  141  8:41  Supply Depot, Marine x2  
  149  9:01  Liberator, Marine x2  
  149  9:02  Liberator, Supply Depot, Siege Tank, Marine x5  
  165  9:03  Supply Depot  
  165  9:14  Marine  
  166  9:19  Marine  
  166  9:20  Marine  
  166  9:21  Marine x6  
  146  9:27  Marine x3  
  147  9:32  Marine  
  147  9:34  Siege Tank  
  147  9:35  Engineering Bay, Armory  
  147  9:37  Marine  
  147  9:38  Marine x7  
  152  9:44  Liberator  
  152  9:45  Liberator, Marine x3  
  166  9:49  Marine  
  166  9:52  Supply Depot  
  169  9:54  Supply Depot  
  169  9:55  Marine  
  169  9:56  Marine x7  
  177  10:03  Marine x3  
  177  10:06  Siege Tank  
  183  10:07  Marine  
  183  10:13  Marine  
  183  10:14  Marine x7  
  185  10:19  Supply Depot  
  185  10:20  Marine  
  185  10:21  Marine x2  
  195  10:25  Marine  
  195  10:27  Liberator  
  195  10:28  Liberator  
  199  10:30  Marine  
  200  10:48  Marine x2  
  199  10:52  Marine  
  180  10:59  Marine  
  180  11:00  Marine x8  
  180  11:01  Siege Tank  
  179  11:06  Marine x2  
  179  11:09  Marine  
  179  11:10  Liberator x2  
  188  11:17  Marine x2  
  188  11:18  Marine x7  
  197  11:24  Marine x2  
  182  11:27  Marine  
  182  11:33  Siege Tank  
  182  11:35  Marine x6  
  182  11:36  Marine x3  
  194  11:42  Marine x2  
  194  11:45  Marine  
  197  11:52  Marine  
  197  11:53  Marine x8  
  167  11:59  Marine  
  167  12:00  Marine  
  143  12:03  Marine  
  143  12:07  Siege Tank  
  137  12:10  Marine  
  137  12:11  Marine x8  
  146  12:17  Marine x2  
  146  12:21  Marine  
  134  12:28  Marine  
  134  12:29  Marine x8  
  131  12:35  Marine x2  
  121  12:38  Marine  
  121  12:39  Siege Tank  
  123  12:46  Marine x2  
  123  12:47  Marine x7  
  123  12:50  Medivac x2  
  133  12:53  Marine x2  
  133  12:56  Marine  
  136  13:04  Marine x3  
  136  13:05  Marine x2  
  139  13:14  Marine  
  139  13:16  Marine  
  139  13:17  Orbital Command  
  127  13:20  Siege Tank  
  127  13:23  Terran Infantry Weapons Level 2  
  127  13:24  Terran Infantry Armor Level 2  
  130  13:31  Marine  
  130  13:32  Medivac x2  
  135  13:34  Marine  
  135  13:41  Marine  
  135  13:48  Marine  
  136  13:57  Siege Tank  
  136  14:02  Medivac x2  
  143  14:22  Marine  
  143  14:23  Marine  
  143  14:24  Marine x6  
  148  14:28  Marine  
  148  14:29  Siege Tank, Marine  
  153  14:31  Marine  
  153  14:32  Marine  
  154  14:40  Marine  
  154  14:41  Marine x4  
  154  14:45  Marine  
  152  14:46  Marine  
  152  14:50  Marine x3  
  138  14:53  Marine  
  139  15:02  Marine  
  139  15:03  Marine x2  
  139  15:05  Marine  
  143  15:10  Marine  
  143  15:11  Marine x6  
  143  15:13  Marine  
  143  15:17  Siege Tank  
  141  15:21  Marine  
  141  15:22  Marine x2  
  144  15:29  Marine  
  144  15:51  Marine  
  145  15:57  Marine x11  
  156  16:04  Siege Tank  
  156  16:09  Marine  
  157  16:15  Marine x11  
  151  16:27  Marine  
  137  16:33  Marine x11  
  148  16:44  Marine  
  149  16:50  Marine  
  149  16:51  Marine x10  
  144  17:02  Marine  
  145  17:08  Marine  
  145  17:09  Marine x8  
  145  17:10  Marine x2  
  145  17:15  Siege Tank  
  156  17:20  Marine  
  145  17:28  Marine  
  145  17:36  Marine  
  137  17:39  Marine x4  
  140  17:45  Marine x2  
  118  17:52  Marine x2  
  119  18:00  Marine x2  
  115  18:10  Siege Tank  
  116  18:23  Marine  
  116  18:25  Refinery  
  116  18:26  Refinery  
  117  18:33  Orbital Command  
  117  18:38  SCV  
  118  18:45  Barracks Tech Lab  
  118  19:03  SCV  
  118  19:04  SCV  
  118  19:05  Barracks Tech Lab x2  
  124  19:17  Marauder x2  
  124  19:18  SCV x2  
  124  19:20  Refinery  
  126  19:24  Marauder x2  
  126  19:30  Concussive Shells, SCV x2  
  134  19:38  Marauder  
  134  19:41  Refinery  
  134  19:42  SCV x2  
  134  19:44  Marauder  
  134  19:45  Marine x2  
  137  19:54  SCV x2  
  139  20:06  SCV  
  139  20:07  SCV  
  141  20:12  Ghost Academy  
  141  20:18  SCV  
  141  20:19  SCV  
  135  20:41  SCV x2  
  135  20:48  Ghost x2  
  135  20:49  Ghost  
  141  20:50  Ghost  
  143  20:58  Personal Cloaking  
  143  21:09  Sensor Tower  
  143  21:21  SCV  
  143  21:23  Orbital Command  
  144  21:31  Missile Turret, Ghost x2  
  148  21:41  SCV  
  149  21:47  Missile Turret  
  149  21:49  SCV  
  149  21:51  Sensor Tower  
  149  21:53  SCV  
  151  22:01  SCV  
  151  22:05  SCV  
  151  22:07  Refinery  
  153  22:10  Refinery  
  153  22:13  SCV  
  154  22:18  SCV, Ghost  
  157  22:25  SCV  
  158  22:30  SCV  
  158  22:32  Ghost  
  158  22:46  Ghost  
  158  22:51  Orbital Command  
  135  22:53  Marauder  
  135  22:54  Marauder  
  127  23:01  Marauder, Marine x5  
  118  23:13  SCV  
  118  23:15  Marauder  
Show
View Real Time Build Order
Export as new Build Order

Lambo Zerg - Winner!

Build Orders: Pool First 

Get SALT Encoding   

  12  0:00  Drone  
  13  0:12  Overlord  
  13  0:17  Drone  
  14  0:30  Drone x2  
  14  0:34  Drone  
  17  0:43  Spawning Pool  
  17  0:47  Drone  
  17  1:07  Hatchery  
  17  1:10  Drone  
  17  1:13  Drone  
  17  1:15  Extractor  
  17  1:29  Zergling x2  
  17  1:30  Zergling x2  
  17  1:31  Queen  
  21  1:39  Overlord  
  21  1:49  Drone  
  22  2:01  Drone  
  23  2:06  Queen  
  25  2:10  Drone  
  26  2:22  Drone x2, Hatchery  
  27  2:32  Drone x2  
  29  2:43  Drone x3  
  32  2:46  Metabolic Boost  
  32  2:53  Queen  
  32  2:56  Overlord  
  34  2:59  Drone  
  34  3:01  Drone  
  36  3:13  Queen  
  36  3:14  Drone x4  
  36  3:16  Drone  
  36  3:18  Drone  
  44  3:23  Overlord  
  44  3:33  Queen, Overlord  
  46  3:38  Queen  
  46  3:40  Drone x2  
  50  3:46  Drone x3  
  53  3:51  Queen  
  53  3:54  Drone  
  53  3:55  Drone x2  
  58  3:56  Zergling x2  
  59  4:08  Zergling x6  
  62  4:11  Drone x4  
  62  4:13  Drone  
  64  4:19  Overlord  
  64  4:21  Drone  
  65  4:24  Overlord  
  65  4:30  Overlord  
  65  4:33  Spore Crawler  
  65  4:34  Overlord  
  65  4:36  Queen  
  65  4:37  Lair, Spore Crawler x2  
  64  4:39  Overlord  
  64  4:42  Drone x2  
  63  4:46  Drone x3  
  63  4:49  Drone  
  67  4:55  Drone x4  
  70  5:04  Zergling x4  
  70  5:13  Drone x5  
  73  5:18  Baneling Nest, Drone x4  
  73  5:19  Extractor  
  75  5:29  Drone x3  
  75  5:32  Drone x3  
  80  5:39  Zergling x4  
  80  5:41  Queen  
  84  5:49  Drone x5  
  89  5:52  Hatchery, Extractor x2  
  86  5:57  Drone x5  
  86  6:01  Drone x3, Centrifugal Hooks  
  92  6:05  Evolution Chamber  
  92  6:06  Evolution Chamber  
  92  6:08  Drone x3  
  93  6:18  Overlord  
  93  6:19  Hatchery  
  93  6:22  Zergling x2  
  93  6:23  Zergling x8  
  97  6:29  Overlord  
  97  6:30  Overlord  
  97  6:31  Overlord  
  97  6:34  Overlord  
  97  6:35  Overlord  
  97  6:36  Zergling x2, Queen  
  97  6:38  Overlord  
  100  6:43  Zergling x4  
  100  6:47  Zergling x6  
  105  6:52  Zerg Ground Armor Level 1, Zerg Melee Weapons Level 1  
  105  6:53  Drone x4  
  105  6:54  Drone  
  110  6:56  Zergling x2, Baneling x3  
  110  7:01  Zergling x8  
  113  7:08  Drone x4  
  113  7:12  Zergling x2  
  118  7:15  Zergling x2  
  118  7:16  Zergling x6  
  118  7:17  Baneling  
  118  7:18  Baneling x5  
  122  7:23  Zergling x6  
  122  7:25  Zergling x6  
  127  7:32  Hatchery  
  127  7:36  Zergling x14  
  125  7:40  Zergling x6  
  125  7:42  Zergling x10  
  131  7:48  Zergling x8  
  134  7:54  Drone x2  
  134  7:56  Baneling x5  
  134  7:58  Zergling x8  
  138  8:00  Zergling x4  
  132  8:06  Zergling x4  
  132  8:08  Zergling x6  
  132  8:11  Queen x2  
  127  8:12  Zergling x6  
  127  8:13  Zergling x6  
  127  8:14  Baneling  
  127  8:15  Baneling x7  
  127  8:16  Zergling x4  
  130  8:23  Zergling x12  
  130  8:24  Baneling  
  130  8:25  Baneling x3  
  136  8:27  Queen x2  
  140  8:34  Baneling x5  
  140  8:36  Zergling x12  
  140  8:39  Zergling x2  
  140  8:40  Zergling x12  
  153  8:44  Zergling x8  
  153  8:45  Baneling x4  
  153  8:48  Overlord  
  152  8:51  Zergling x6  
  152  8:52  Zergling x8  
  152  8:53  Baneling x4  
  154  8:56  Zergling x4  
  155  9:04  Zergling x2, Baneling x2  
  155  9:05  Zergling x6  
  155  9:08  Zergling x16  
  145  9:19  Zergling x14  
  145  9:23  Zergling x2  
  139  9:26  Zerg Melee Weapons Level 2, Zerg Ground Armor Level 2  
  139  9:28  Zergling x4, Infestation Pit  
  140  9:33  Zergling x8  
  140  9:35  Queen x2  
  140  9:37  Zergling x6  
  151  9:45  Zergling x10  
  156  9:47  Zergling x2  
  156  9:49  Zergling x4, Queen x2  
  156  9:52  Zergling x6  
  166  9:58  Zergling x2  
  166  9:59  Zergling x6  
  170  10:03  Zergling x4  
  172  10:10  Overlord x2  
  172  10:12  Overlord  
  168  10:16  Queen  
  168  10:17  Overlord  
  168  10:21  Spore Crawler  
  164  10:22  Zergling x26  
  164  10:24  Baneling x6  
  164  10:28  Zergling x6  
  170  10:32  Zergling x6  
  170  10:34  Baneling x3  
  173  10:39  Zergling x10  
  173  10:40  Baneling  
  178  10:43  Zergling x4  
  178  10:45  Baneling x3  
  177  10:53  Zergling x12  
  151  10:59  Drone x5  
  146  11:09  Zergling x20  
  155  11:11  Hive  
  155  11:15  Zergling x6  
  156  11:21  Zergling x6  
  152  11:27  Zergling x2  
  152  11:28  Zergling x6  
  152  11:29  Baneling x6  
  152  11:30  Baneling x4  
  153  11:33  Zergling x2  
  153  11:34  Zergling x8  
  153  11:35  Baneling x9  
  158  11:40  Queen x2  
  158  11:43  Zergling x2  
  158  11:44  Zergling x6  
  165  11:50  Zergling x12  
  158  11:55  Zergling x4  
  158  12:01  Zergling x8  
  153  12:08  Zergling x10  
  153  12:10  Zergling x10  
  153  12:13  Baneling x10  
  153  12:14  Zergling x2  
  158  12:19  Zergling x4  
  158  12:22  Zergling x4  
  147  12:28  Zergling x4  
  147  12:29  Baneling  
  134  12:30  Queen  
  134  12:31  Queen  
  134  12:34  Baneling  
  134  12:36  Zergling x8  
  135  12:39  Viper  
  135  12:43  Zergling x6, Hatchery  
  133  12:44  Baneling x4  
  133  12:48  Zergling x4  
  133  12:50  Adrenal Glands  
  133  12:51  Zerg Ground Armor Level 3, Zergling x2  
  136  12:54  Baneling  
  136  12:55  Zergling x4  
  138  13:01  Zergling x4  
  140  13:09  Zergling x12  
  140  13:10  Hatchery  
  142  13:13  Zergling x4  
  142  13:18  Spore Crawler, Viper  
  142  13:19  Zergling x2  
  142  13:22  Viper  
  144  13:32  Zergling x14  
  149  13:42  Zergling x8  
  149  13:45  Zerg Melee Weapons Level 3, Overlord  
  149  13:46  Overlord  
  148  13:51  Zergling x6  
  151  13:56  Zergling x10  
  151  14:00  Zergling x2  
  157  14:05  Zergling x8  
  161  14:18  Zergling x12  
  167  14:24  Zergling x2  
  167  14:26  Baneling x4  
  167  14:27  Baneling  
  168  14:32  Zergling x6  
  168  14:37  Zergling x4  
  173  14:42  Zergling x4  
  153  14:45  Zergling x2  
  153  14:49  Zergling x4  
  153  14:51  Zergling x2  
  126  14:56  Baneling  
  126  14:57  Baneling x2  
  126  14:59  Zergling x10, Ultralisk Cavern  
  128  15:01  Baneling x7  
  128  15:06  Zergling x4  
  130  15:08  Zergling x4  
  130  15:11  Zergling x4  
  121  15:14  Zergling x2  
  121  15:15  Queen x2  
  125  15:23  Zergling x10, Queen  
  132  15:29  Zergling x2  
  132  15:32  Zergling x2  
  132  15:33  Zergling x4  
  132  15:36  Zergling x8  
  132  15:37  Baneling x3  
  132  15:39  Zergling x2  
  132  15:41  Zergling x2  
  132  15:42  Baneling, Queen  
  138  15:43  Queen  
  142  15:51  Zergling x8  
  142  15:54  Chitinous Plating  
  145  15:58  Queen x2  
  149  16:08  Zergling x18  
  158  16:13  Zergling x4  
  158  16:17  Zergling x4  
  150  16:27  Zergling x10  
  150  16:30  Ultralisk  
  150  16:31  Baneling x2  
  153  16:35  Baneling  
  153  16:36  Baneling  
  153  16:41  Ultralisk  
  151  16:55  Ultralisk  
  151  16:59  Zergling x10  
  148  17:09  Zergling x14  
  148  17:13  Zergling x4  
  149  17:19  Zergling x6  
  136  17:32  Zergling x18  
  129  17:40  Zergling x10  
  133  17:50  Zergling x8  
  124  17:58  Zergling x14  
  107  18:28  Hatchery  
  100  18:38  Infestor  
  101  18:52  Baneling x5  
  101  18:53  Baneling  
  100  19:17  Ultralisk  
  100  19:55  Ultralisk  
  105  20:14  Hatchery  
  104  20:17  Infestor  
  106  20:26  Ultralisk  
  110  20:40  Ultralisk  
  116  20:49  Infestor  
  118  20:56  Ultralisk  
  124  21:09  Ultralisk  
  130  21:23  Ultralisk  
  136  21:28  Viper  
  139  21:39  Ultralisk  
  145  21:51  Ultralisk  
  151  22:02  Zergling x16  
  159  22:09  Zergling x8  
  159  22:12  Overlord  
  161  22:25  Hatchery  
  161  22:28  Zergling x4  
  162  22:33  Zergling x4  
  164  22:38  Baneling  
  160  22:48  Zergling x2  
  160  22:49  Zergling x14  
  150  22:56  Zergling x8  
  147  23:05  Zergling x10  
  144  23:13  Zergling x8  
  148  23:24  Zergling x8, Extractor x2  
  148  23:25  Extractor  
  146  23:28  Drone x2  
  148  23:36  Zergling x8  
  152  23:41  Zergling x6  
Tags
 
Add a new tag
Caveats
  • Supply blocks, unpowered buildings, or Contaminate may cause inaccurate times.
  • Supply counts are checked every 10 seconds.